Map: [ESL] Cosmic Sapphire

Players

Ranger

  • Race: Protoss Protoss
  • Spawn Location: 5:00

MeomaikA - Winner!

  • Race: Zerg Zerg
  • Spawn Location: 11:00

Event: DreamHack SC2 Masters 2022 Atlanta (Online)

VOD

Have the link to the VOD?

Description

Time

  • Played on: Oct. 1, 2022, 6:41 a.m.
  • Length: 8:44

All games in this series

Show
View Real Time Build Order
Export as new Build Order

Ranger Protoss 

Build Orders: 1 Gate Expand, Zealot Archon, Archon Drop, Dark Templar Rush 

Get SALT Encoding   

  12  0:00  Probe  
  13  0:12  Probe  
  14  0:18  Pylon  
  14  0:24  Probe (Chrono Boost)  
  15  0:37  Probe (Chrono Boost)  
  15  0:39  Gateway  
  16  0:45  Probe (Chrono Boost)  
  17  0:51  Probe  
  18  0:57  Assimilator  
  18  1:03  Probe  
  19  1:18  Probe  
  20  1:26  Nexus  
  20  1:36  Cybernetics Core  
  20  1:39  Probe  
  21  1:44  Assimilator  
  21  1:51  Probe  
  22  1:57  Pylon  
  22  2:03  Probe  
  23  2:13  Adept (Chrono Boost)  
  23  2:14  Warp Gate  
  23  2:16  Probe  
  26  2:27  Twilight Council  
  26  2:28  Probe (Chrono Boost)  
  27  2:36  Adept  
  29  2:39  Probe (Chrono Boost)  
  29  2:40  Probe (Chrono Boost)  
  31  2:48  Probe (Chrono Boost)  
  31  2:49  Probe (Chrono Boost)  
  33  2:53  Probe (Chrono Boost)  
  33  2:54  Probe  
  36  3:06  Stalker  
  36  3:07  Robotics Facility, Probe (Chrono Boost)  
  36  3:11  Probe (Chrono Boost)  
  40  3:21  Pylon  
  40  3:22  Probe x2 (Chrono Boost)  
  41  3:28  Shield Battery, Probe  
  41  3:29  Probe  
  43  3:35  Dark Shrine  
  43  3:43  Gateway  
  43  3:44  Gateway  
  43  3:50  Gateway  
  43  4:08  Adept  
  42  4:15  Warp Prism (Chrono Boost), Probe  
  38  4:19  Probe  
  40  4:31  Probe x2 (Chrono Boost)  
  41  4:41  Probe (Chrono Boost)  
  41  4:42  Probe (Chrono Boost)  
  43  4:46  Probe (Chrono Boost), Assimilator  
  43  4:48  Dark Templar, Assimilator  
  43  4:50  Dark Templar  
  49  4:54  Dark Templar  
  49  4:55  Probe (Chrono Boost)  
  49  4:58  Probe (Chrono Boost)  
  52  5:01  Pylon  
  52  5:06  Probe (Chrono Boost)  
  54  5:07  Probe (Chrono Boost)  
  54  5:18  Pylon  
  54  5:19  Probe x2  
  56  5:25  Nexus  
  56  5:28  Pylon  
  56  5:31  Probe  
  56  5:34  Probe  
  58  5:48  Probe  
  58  5:49  Stalker x3  
  65  5:50  Stalker  
  67  5:57  Probe  
  67  6:00  Probe  
  65  6:06  Shield Battery  
  65  6:08  Shield Battery  
  65  6:10  Archon, Probe  
  66  6:12  Probe  
  66  6:14  Dark Templar  
  66  6:15  Dark Templar  
  71  6:22  Probe  
  71  6:23  Archon  
  71  6:24  Stalker x2  
  76  6:25  Probe  
  77  6:34  Probe  
  77  6:35  Pylon  
  77  6:37  Pylon  
  77  6:38  Probe, Forge  
  79  6:40  Probe  
  79  6:42  Observer (Chrono Boost)  
  79  6:46  Probe  
  82  6:50  Probe  
  83  6:57  Stalker x4  
  87  7:07  Shield Battery  
  87  7:08  Shield Battery  
  76  7:09  Pylon  
  76  7:12  Immortal (Chrono Boost)  
  75  7:34  Probe  
  76  7:41  Sentry  
  76  7:42  Pylon  
  78  7:45  Cybernetics Core, Pylon  
  78  7:47  Pylon  
  77  8:01  Zealot x3, Immortal  
  63  8:22  Stalker x3  
Show
View Real Time Build Order
Export as new Build Order

MeomaikA Zerg - Winner!

Build Orders: Hatch First 

Get SALT Encoding   

  12  0:00  Drone  
  13  0:12  Overlord  
  13  0:17  Drone  
  14  0:30  Drone x2  
  14  0:34  Drone  
  17  0:51  Drone  
  17  0:55  Extractor  
  17  0:56  Drone  
  18  1:00  Hatchery  
  17  1:13  Spawning Pool  
  17  1:16  Drone  
  17  1:19  Drone  
  18  1:27  Drone  
  19  1:38  Overlord  
  19  1:51  Drone  
  20  1:59  Queen  
  20  2:00  Drone  
  23  2:10  Drone  
  23  2:11  Metabolic Boost  
  23  2:12  Queen, Drone  
  27  2:21  Drone  
  28  2:23  Drone  
  29  2:34  Hatchery  
  29  2:36  Zergling x2  
  29  2:39  Drone  
  29  2:43  Drone  
  31  2:44  Drone  
  32  2:53  Drone  
  32  2:55  Overlord  
  33  3:04  Overlord  
  33  3:09  Zergling x6  
  36  3:15  Zergling x2  
  36  3:17  Zergling x4  
  36  3:19  Zergling x6  
  42  3:22  Lair  
  42  3:28  Drone x2  
  42  3:33  Queen  
  46  3:39  Drone x2  
  48  3:44  Overlord  
  48  3:45  Drone  
  48  3:46  Overlord  
  49  3:51  Extractor  
  49  3:53  Drone x3  
  50  3:57  Overlord  
  49  4:05  Zergling x6  
  52  4:15  Zergling x4  
  50  4:22  Zergling x2  
  50  4:24  Roach Warren  
  46  4:26  Zergling x6  
  46  4:27  Zergling x8  
  46  4:29  Overseer  
  53  4:35  Overlord  
  53  4:41  Overlord  
  53  4:48  Overlord  
  53  5:01  Overseer  
  53  5:03  Spore Crawler, Drone x3  
  53  5:04  Roach x2  
  53  5:05  Roach x4  
  53  5:06  Glial Reconstitution  
  66  5:08  Drone  
  66  5:10  Drone  
  66  5:13  Drone  
  69  5:15  Roach  
  69  5:19  Roach  
  73  5:21  Roach  
  73  5:25  Roach  
  73  5:26  Roach  
  79  5:29  Roach  
  79  5:31  Drone x2  
  79  5:35  Overlord  
  83  5:39  Roach x2  
  87  5:43  Overlord  
  87  5:49  Roach x2  
  91  5:51  Roach  
  91  5:56  Roach  
  92  6:02  Roach  
  92  6:03  Zergling x4  
  92  6:04  Zergling x6  
  95  6:07  Spore Crawler, Drone  
  95  6:09  Roach  
  97  6:18  Drone  
  97  6:19  Drone x3, Spine Crawler  
  97  6:21  Roach  
  102  6:26  Roach  
  102  6:27  Zergling x2, Roach  
  102  6:30  Roach  
  102  6:31  Zergling x2  
  110  6:34  Roach  
  110  6:39  Roach x2  
  116  6:41  Zergling x4  
  116  6:43  Zergling x2  
  116  6:44  Zergling x2  
  116  6:45  Zergling x2  
  119  6:57  Zergling x2  
  119  7:00  Zergling x2  
  119  7:01  Zergling x2  
  119  7:02  Zergling x4  
  119  7:06  Zergling x6  
  119  7:08  Zergling x4  
  120  7:12  Roach  
  120  7:15  Drone  
  120  7:16  Overlord x2  
  120  7:21  Overlord  
  121  7:24  Drone  
  121  7:26  Overlord  
  121  7:28  Overlord x2  
  121  7:31  Overlord  
  121  7:32  Overlord  
  121  7:36  Drone x3  
  124  7:39  Drone x2  
  126  7:51  Roach x2  
  126  7:52  Roach x3  
  130  7:58  Zergling x2  
  130  8:00  Zergling x4  
  130  8:01  Zergling x2  
  130  8:02  Zergling x4  
  130  8:03  Zergling x4  
  130  8:04  Zergling x2  
  128  8:10  Zergling x2  
  128  8:11  Zergling x2, Overseer  
  128  8:12  Zergling x2  
  120  8:21  Zergling x2  
  120  8:22  Zergling x2  
  120  8:23  Roach  
Tags
 
Add a new tag
Caveats
  • Supply blocks, unpowered buildings, or Contaminate may cause inaccurate times.
  • Supply counts are checked every 10 seconds.